 Dungeon Crawl Stone Soup version 0.30-a0-782-ge64f9170bb (webtiles) character file.

Game seed: 10693808375247662938

65 Dirtsage the Slasher (level 3, -2/29 HPs)
             Began as a Draconian Gladiator on Mar 3, 2023.
             Slain by Grinder (3 damage)
             ... on level 3 of the Dungeon.
             The game lasted 00:04:07 (1528 turns).

Dirtsage the Slasher (Draconian Gladiator)          Turns: 1528, Time: 00:04:08

Health: -2/29      AC:  5    Str: 16    XL:     3   Next: 92%
Magic:  3/3        EV: 12    Int:  8    God:
Gold:   79         SH:  0    Dex: 14    Spells: 2/2 levels left

rFire   . . .      SeeInvis .    a - +0 long sword
rCold   . . .      Faith    .    (no shield)
rNeg    . . .      Spirit   .    (body armour unavailable)
rPois   .          Reflect  .    b - +0 hat
rElec   .          Harm     .    (no cloak)
rCorr   .          Rampage  .    (no gloves)
Will    .....                    (no boots)
Stlth   +                        j - amulet of regeneration
HPRegen 1.04/turn                (no ring)
MPRegen 0.08/turn                (no ring)

@: mighty
A: AC +5, unfitting armour, cold-blooded
a: no special abilities


You were on level 3 of the Dungeon.
You visited 1 branch of the dungeon, and saw 3 of its levels.

You collected 79 gold pieces.

Inventory:

Hand Weapons
 a - a +0 long sword (weapon)
Armour
 b - a +0 hat (worn)
Jewellery
 j - an amulet of regeneration (around neck)
Scrolls
 e - 3 scrolls of identify {unknown}
 h - a scroll of vulnerability {unknown}
 m - a scroll of acquirement {unknown}
 n - a scroll of blinking {unknown}
Potions
 d - a potion of might
 g - a potion of degeneration {unknown}
 i - a potion of lignification {unknown}
 k - a potion of ambrosia {unknown}
 l - a potion of heal wounds
 o - a potion of curing {unknown}


   Skills:
 - Level 2.1 Fighting
 + Level 4.9 Long Blades
 - Level 1.7 Throwing
 - Level 2.6 Dodging


You had 2 spell levels left.
You didn't know any spells.
Your spell library contained the following spells:

 Spells                   Type           Power      Damage    Failure   Level
 Ozocubu's Armour         Ice            0%         N/A       78%         3
 Ozocubu's Refrigeration  Ice            0%         4d7       100%        7


Dungeon Overview and Level Annotations

Branches:
Dungeon (3/15)

Altars:

Annotations:
D:3 Grinder


Innate Abilities, Weirdness & Mutations

Your plain brown scales are hard. (AC +5)
You cannot fit into any form of body armour.
You are cold-blooded and may be slowed by cold attacks.


Message History

Grinder is lightly wounded.
Grinder hits you but does no damage.
You hit Grinder. You tail-slap Grinder.
Grinder is moderately wounded.
Grinder misses you. Grinder gestures at you. Pain shoots through your body!
You take 7 damage, and have 10/29 hp.
MASSIVE DAMAGE!!
You slash Grinder! You tail-slap Grinder.
Grinder is heavily wounded.
Grinder gestures at you.
You barely resist. You hit Grinder.
Grinder is heavily wounded.
Grinder hits you but does no damage.
It was a potion of might.
You feel very mighty all of a sudden.
d - a potion of might Grinder drinks a potion.
Grinder is healed!
l - a potion of heal wounds;
h - a scroll labelled TODDUR NUFARA You hit Grinder.
Grinder is lightly wounded.
Grinder hits you.
You writhe in agony.
* * * LOW HITPOINT WARNING * * *
You take 8 damage, and have 5/29 hp.
MASSIVE DAMAGE!!
You slash Grinder!
Your tail-slap misses Grinder.
Grinder is heavily wounded.
Grinder barely misses you.
You slash Grinder!
Grinder is severely wounded.
Grinder gestures at you. Pain shoots through your body!
* * * LOW HITPOINT WARNING * * *
You take 5 damage, and have 1/29 hp.
You barely miss Grinder.
Your tail-slap misses Grinder.
Grinder is severely wounded.
Grinder hits you.
* * * LOW HITPOINT WARNING * * *
You writhe in agony.
You die...

....###
.##+####.....#
..........(..# .!
............# +#..
....(.......#+##....
##.#................
#.............#..
#.<..............
#..5@.........#..
#........[.......
####..(.#######..
..........#
######........#
##.......# #..>###.#
#.### # #.#


You could see Grinder.

Vanquished Creatures
  2 adders (D:2)
  2 dart slugs
  6 endoplasms
  3 giant cockroaches
  4 goblins (D:1)
  5 hobgoblins
  A quokka (D:1)
  5 ball pythons
  5 bats
  A frilled lizard (D:2)
  3 kobolds
  4 rats
41 creatures vanquished.

Vanquished Creatures (others)
  A withered plant (D:3)
1 creature vanquished.

Grand Total: 42 creatures vanquished

Notes
Turn   | Place    | Note
-------+----------+-------------------------------------------
     0 | D:1      | Dirtsage the Draconian Gladiator began the quest for the
                  | Orb.
     0 | D:1      | Reached XP level 1. HP: 17/17 MP: 1/1
   157 | D:1      | Reached XP level 2. HP: 23/24 MP: 2/2
   430 | D:1      | Reached skill level 4 in Long Blades
   571 | D:1      | Reached XP level 3. HP: 29/29 MP: 3/3
  1494 | D:3      | Noticed Grinder
  1497 | D:3      | Identified the +1 ring mail "Fufa" {rF+ Dex+5}
  1505 | D:3      | Paralysed by Grinder for 2 turns
  1510 | D:3      | Paralysed by Grinder for 3 turns
  1527 | D:3      | HP: 1/29 [Grinder/nerve-wracking pain (6)]
  1528 | D:3      | Slain by Grinder

Illustrated notes

Levels and vault maps discovered:
D:1:      lightli_arrival_flooded_house, layout_loops_ring, minmay_tetromino_o4
D:2:      layout_rooms, serial_aquarium, aquarium_bridge_long_separate
          [aquarium_subvault_wall, aquarium_subvault_window,
          aquarium_subvault_bridge, aquarium_subvault_bridge,
          aquarium_subvault_bridge, aquarium_subvault_wall],
          aquarium_bridge_straight [aquarium_subvault_bridge,
          aquarium_subvault_balcony, aquarium_subvault_bridge,
          aquarium_subvault_balcony], aquarium_window_corridor_3,
          aquarium_window_2, aquarium_view_2c, aquarium_view_2d,
          aquarium_pool_five, hex_medium, grunt_decor_clamped
D:3:      layout_basic, lemuel_tele_altar, jmf_multi_god_temple,
          jmf_multi_god_temple2, shapermc_ecumenical_altar_flowoftime,
          uniq_grinder, uniq_crazy_yiuf_cottage

Skill      XL: |  1  2 |
---------------+-------+-----
Long Blades    | 4 |  4.9
Fighting       | |  2.1
Throwing       | |  1.7
Dodging        | |  2.6

Action                     || total
---------------------------++-------
  Melee: Long sword        ||   144
         Tailslap          ||    22
         Punch             ||     1
  Throw: Throwing net      ||     3
         Javelin           ||     1
    Use: Potion            ||     1
   Stab: Sleeping          ||     1
 Armour: Skin              ||    43
  Dodge: Dodged            ||   100

Table legend: (Time is in decaauts)
 A = Elapsed time spent in this place.
 B = Non-inter-level travel time spent in this place.
 C = Inter-level travel time spent in this place.
 D = Time resting spent in this place.
 E = Time spent auto-exploring this place.
 F = Levels seen in this place.
 G = Mean time per level.
                   A        B        C        D        E       F      G
               +--------+--------+--------+--------+--------+-----+--------+
         Total |   1558 |   1510 |     48 |      0 |   1161 |   3 |  519.3 |
       Dungeon |   1558 |   1510 |     48 |      0 |   1161 |   3 |  519.3 |
               +--------+--------+--------+--------+--------+-----+--------+

Top non-repeatable levels by time:
     D:1: 806 daAuts
     D:2: 705 daAuts
     D:3: 46 daAuts
